 Dungeon Crawl Stone Soup version 0.28-a0-863-g8cecda6153 (webtiles) character file.

Game seed: 4401925386157036405

202485 AvatarAndi78 the Minotaur Blade (level 17, -4/136 HPs)
             Began as a Minotaur Berserker on Nov 18, 2021.
             Was an Elder of Trog.
             Shot with an arrow by Vashnia (17 damage)
             ... on level 3 of the Snake Pit.
             The game lasted 01:46:14 (35092 turns).

AvatarAndi78 the Minotaur Blade (MiBe)             Turns: 35092, Time: 01:46:15

Health: -4/136     AC: 31    Str: 26    XL:     17   Next: 94%
Magic:  0/15       EV:  7    Int:  5    God:    Trog [****..]
Gold:   714        SH: 17    Dex: 21    Spells: 16/16 levels left

rFire   . . .      SeeInvis +   R - +8 hand axe "Gepottuxou" {speed, rElec rF+ rC+ SInv}
rCold   + + .      Faith    .   k - +5 kite shield
rNeg    + . .      Spirit   +   x - +8 orange crystal plate armour {Archmagi, Int+3 Clar}
rPois   +          Reflect  .   (helmet unavailable)
rElec   +          Harm     .   P - +1 cloak of Foolhardiness {Will+ Str+3}
rCorr   .          Rampage  .   y - +1 pair of gloves of a sewer {rPois Str-5 Dex+3}
Will    +++++      Archmagi +   (no boots)
Stlth   .......... Clarity  +   K - amulet "Acuwkan" {Spirit rPois Will+ Dex+3 Stlth+}
HPRegen 1.32/turn               E - +6 ring of strength
MPRegen 0.14/turn               I - ring "Naan" {Ice rN+ Stlth+}

@: strong-willed, on berserk cooldown, regenerating, slowed, studying Polearms,
very slow
A: horns 3, retaliatory headbutt, talons 1, deformed body, dopey 1, frail 2, low
mp 1, weak 1
}: 1/15 runes: decaying
a: Renounce Religion, Berserk, Trog's Hand, Brothers in Arms


You were on level 3 of the Snake Pit.
You worshipped Trog.
Trog was greatly pleased with you.
You visited 5 branches of the dungeon, and saw 29 of its levels.
You visited the Abyss 1 time.
You also visited: Ossuary, Gauntlet and Volcano.

You collected 3347 gold pieces.
You spent 2633 gold pieces at shops.

Inventory:

Hand Weapons
 f - the +6 spear of Qadoruz {venom, rPois}
   (You took it off a gnoll sergeant on level 5 of the Dungeon)

   It poisons the flesh of those it strikes.
   rPois:     It protects you from poison.
 h - the +11 triple sword "Gaum" {freeze, Dex+4}
   (You acquired it in an ossuary)

   It freezes those it strikes, dealing additional cold damage.
   It can also slow down cold-blooded creatures.
   Dex:       It affects your dexterity (+4).
 O - a +4 double sword of freezing
 Q - a +7 executioner's axe of freezing
 R - the +8 hand axe "Gepottuxou" (weapon) {speed, rElec rF+ rC+ SInv}
   (You bought it in a shop on level 2 of the Orcish Mines)

   Attacks with this weapon are significantly faster.
   rF:        It protects you from fire.
   rC:        It protects you from cold.
   rElec:     It insulates you from electricity.
   SInv:      It lets you see invisible.
 U - a +2 demon blade of flaming
Armour
 k - a +5 kite shield (worn)
 m - a +2 hat
 r - a +2 pair of gloves of dexterity
 x - the +8 orange crystal plate armour (worn) {Archmagi, Int+3 Clar}
   (You acquired it in an ossuary)

   Int:       It affects your intelligence (+3).
   Clar:      It protects you against confusion.
 y - the +1 pair of gloves of a sewer (worn) {rPois Str-5 Dex+3}
   (You found it on level 7 of the Dungeon)

   Str:       It affects your strength (-5).
   Dex:       It affects your dexterity (+3).
   rPois:     It protects you from poison.
 P - the +1 cloak of Foolhardiness (worn) {Will+ Str+3}
   (You found it in a Gauntlet)

   Str:       It affects your strength (+3).
   Will:      It increases your willpower.
 T - the +0 hat "Esuvvuwk" {rPois rC- SInv}
   (You found it on level 1 of the Swamp)

   rC:        It makes you vulnerable to cold.
   rPois:     It protects you from poison.
   SInv:      It lets you see invisible.
Jewellery
 a - a +6 ring of dexterity
 c - a +4 ring of protection
 d - a +6 ring of dexterity
 n - a +6 ring of strength
 s - a ring of ice
 v - an amulet of regeneration
 A - a ring of flight
 E - a +6 ring of strength (left hand)
 I - the ring "Naan" (right hand) {Ice rN+ Stlth+}
   (You found it in a Gauntlet)

   [ring of ice]

   It enhances your ice magic.
   rF:        It makes you vulnerable to fire.
   rC:        It protects you from cold.
   rN:        It protects you from negative energy.
   Stlth:     It makes you more stealthy.
 J - a ring of see invisible
 K - the amulet "Acuwkan" (around neck) {Spirit rPois Will+ Dex+3 Stlth+}
   (You bought it in a shop on level 1 of the Orcish Mines)

   [amulet of guardian spirit]

   It causes incoming damage to be divided between your reserves of health and
   magic.
   Dex:       It affects your dexterity (+3).
   rPois:     It protects you from poison.
   Will:      It increases your willpower.
   Stlth:     It makes you more stealthy.
 S - the amulet "Ageyr" {Faith Str+2}
   (You found it on level 1 of the Swamp)

   [amulet of faith]

   It allows you to gain divine favour quickly.
   Str:       It affects your strength (+2).
 X - an amulet of the acrobat
Wands
 b - a wand of mindburst (38)
 o - a wand of flame (108)
 C - a wand of iceblast (48)
 F - a wand of polymorph (13)
 G - a wand of paralysis (35)
 H - a wand of digging (7)
 N - a wand of acid (16)
Scrolls
 g - 15 scrolls of identify
 j - 3 scrolls of silence
 u - 9 scrolls of teleportation
 B - 2 scrolls of magic mapping
 D - a scroll of enchant armour
 M - 2 scrolls of fog
 V - 4 scrolls of enchant weapon
Potions
 e - 4 potions of heal wounds
 i - 4 potions of magic
 l - 2 potions of flight
 p - 6 potions of curing
 q - 3 potions of haste
 t - a potion of invisibility
 z - a potion of resistance
 L - 4 potions of cancellation
 W - a potion of might
Miscellaneous
 w - a lightning rod (4/4)


   Skills:
 * Level 20.5 Fighting
 - Level 2.3(13.9) Short Blades
 + Level 22.5 Long Blades
 * Level 13.9(14.9) Axes
 + Level 4.5(10.4) Maces & Flails
 - Level 7.0(11.6) Polearms
 - Level 3.1(6.3) Staves
 - Level 3.7(4.1) Slings
 - Level 2.3 Bows
 - Level 2.3 Crossbows
 - Level 2.1(3.1) Throwing
 * Level 17.5 Armour
 + Level 4.6 Dodging
 + Level 3.5 Stealth
 + Level 8.6 Shields
 - Level 2.3 Unarmed Combat
 + Level 2.1 Invocations
 + Level 2.3 Evocations


You had 16 spell levels left.
You didn't know any spells.
Your spell library was empty.

Dungeon Overview and Level Annotations

Branches:
Dungeon (14/15)            Temple (0/1) D:4            Lair (6/6) D:8
  Swamp (4/4) Lair:3        Snake (3/4) Lair:2        Slime (0/5) Lair:5
    Orc (2/2) D:9             Elf (0/3) Orc:2        Vaults (0/5) D:14
Ossuary (visited)         Volcano (visited)         Gauntlet (visited)

Altars:
Dithmenos
Gozag
Hepliaklqana
Kikubaaqudgha
Makhleb
Nemelex Xobeh
Okawaru
Qazlal
Sif Muna
Trog
Uskayaw
Vehumet
Xom
Yredelemnul
Zin
Beogh
Jiyva

Shops:
D:1 :   D:4 (   D:7 *   D:9 :   D:11 *   Orc:1 =   Orc:2 [*(=*

Annotations:
Snake:3 Vashnia


Innate Abilities, Weirdness & Mutations

You have a pair of large horns on your head.
You reflexively headbutt those who attack you in melee.
You have sharp toenails.
Armour fits poorly on your strangely shaped body.
You are dopey. (Int -2)
You are very frail. (-20% HP)
Your magical capacity is low. (-10% MP)
You are weak. (Str -2)


Message History

You headbutt the black mamba!
The black mamba is severely wounded.
The black mamba bites you but does no damage.
You slice the black mamba!!
You kill the black mamba!
Trog accepts your kill.
You see here a black mamba corpse.
Vashnia shouts!
Vashnia spits poison at you. The splash of poison hits you. You resist.
Vashnia shoots an arrow.
The arrow hits you!
You see here 17 gold pieces.
Your skin crawls.
You feel strong-willed.
Vashnia shoots an arrow.
The arrow hits you!
You hear a shout!
A red film seems to cover your vision as you go berserk!
You feel yourself moving faster!
You feel mighty!
Vashnia shoots an arrow.
The arrow hits you!
You feel a strong urge to attack something.
Vashnia shoots an arrow.
You block the arrow.
The naga sharpshooter shouts!
The naga sharpshooter shoots an arrow.
You block the arrow.
You feel your anger nearly subside.
You are no longer berserk.
You are exhausted.
You feel yourself slow down.
Vashnia shoots an arrow.
You block the arrow.
The naga sharpshooter casts a spell.
The naga sharpshooter magically shoots an arrow.
The arrow hits you.
Vashnia shoots an arrow.
You block the arrow.
The naga sharpshooter shoots an arrow.
You block the arrow.
Vashnia shoots an arrow.
The arrow hits you!
The naga sharpshooter shoots an arrow.
You block the arrow.
Vashnia casts a spell.
Vashnia magically shoots an arrow.
The arrow hits you!!
* * * LOW HITPOINT WARNING * * *
The naga sharpshooter shoots an arrow.
The arrow hits you!
* * * LOW HITPOINT WARNING * * *
Vashnia shoots an arrow.
The arrow hits you!!
You die...

...####..<...#
...........#####.
#>..#.#.........
#..........####
###.........## #####
##...........)#####...N
##......†)..#...........
#........N.#########....
##..$...@...#### ##...
#......<.......# ##...
#..........##N.#
####.... #.†.......##
^...........
..............##
.....S##...
#####........##
........... #..........
#......... #.##.>###(...
#######.. .# #.## ##...
#.#


You could see Vashnia and a naga sharpshooter.

Vanquished Creatures
  The ghost of AvatarAndi78 the Executioner, an adept MiBe of Trog (Swamp:4)
  Roxanne (Swamp:1)
  The ghost of Fofaschei the Zephyrmancer, a journeyman DrFE of Vehumet (Snake:2)
  An orc warlord (Orc:2)
  A stone giant (shapeshifter) (Gauntlet)
  An entropy weaver (shapeshifter) (D:11)
  6 bunyips
  A minotaur (Gauntlet)
  3 eleionomae
  A shambling mangrove (Swamp:4)
  9 naga warriors
  26 hydras
  3 boulder beetles
  Fannar (Lair:1)
  3 anacondas
  A catoblepas (Lair:4)
  2 ghost crabs
  10 alligators
  2 dancing weapons
  4 centaur warriors
  The ghost of Nihiololl the Cruncher, a journeyman GrGl of Vehumet (Orc:1)
  3 two-headed ogres
  10 death yaks
  Urug (Lair:3)
  13 naga sharpshooters
  A tengu warrior (D:13)
  7 shock serpents
  An orc high priest (Orc:2)
  Nergalle (D:11)
  A deep elf knight (D:14)
  A fire crab (Lair:6)
  A death drake (Swamp:4)
  9 goliath frogs
  A deep troll (shapeshifter) (Gauntlet)
  11 swamp dragons
  6 bog bodies
  6 naga ritualists
  A lindwurm (Orc:2)
  5 orc knights
  A lindwurm (shapeshifter) (D:11)
  A deep elf zephyrmancer (D:14)
  2 orc sorcerers (Orc:2)
  A deep elf pyromancer (D:14)
  2 wolf spiders (Lair:6)
  5 wizards (Volcano)
  12 mana vipers
  4 cyclopes
  4 manticores
  5 salamanders
  A will-o-the-wisp (Swamp:3)
  A worldbinder (Gauntlet)
  5 toenail golems (Volcano)
  12 ugly things
  2 moths of wrath (Swamp:4)
  The ghost of Nixze the Thaumaturge, a novice DEAE (D:5)
  9 elephants
  23 black mambas
  4 guardian serpents
  16 cane toads
  An unseen horror (D:11)
  2 naga magi (Snake:2)
  2 rime drakes
  8 komodo dragons
  2 kobold demonologists
  3 yaktaurs (D:14)
  2 freezing wraiths
  An ice devil (Gauntlet)
  9 trolls
  A bloated husk (Swamp:3)
  A wind drake (shapeshifter) (Gauntlet)
  12 polar bears
  A polar bear (shapeshifter) (Gauntlet)
  3 raiju (Lair:6)
  11 hornets
  16 tyrant leeches
  13 blink frogs
  Grinder (D:6)
  6 dream sheep (Lair:5)
  A water elemental (D:11)
  A shadow (D:11)
  18 wyverns
  3 wraiths
  5 spriggans (Swamp:3)
  54 yaks
  3 redbacks (Lair:6)
  A steam dragon (D:7)
  2 vampires
  4 basilisks
  5 wargs
  Edmund (D:5)
  11 vampire mosquitoes
  18 nagas
  17 swamp worms
  14 hell hounds (Lair:6)
  2 acid dragons
  42 water moccasins
  24 orc warriors
  11 black bears (Lair:6)
  12 swamp drakes
  A sky beast (D:5)
  An ice beast (D:6)
  23 wolves
  A boggart (Gauntlet)
  12 centaurs
  13 ogres
  16 kobold brigands
  A wyvern zombie (D:7)
  11 bullfrogs
  4 gnoll sergeants
  A scorpion (D:4)
  A water moccasin skeleton (D:5)
  13 killer bees
  3 electric eels
  8 howler monkeys
  8 centaur zombies
  A bullfrog zombie (D:6)
  3 bullfrog skeletons
  4 hounds
  17 orc priests
  5 gnoll shamans
  3 centaur skeletons
  4 jellies
  An iguana (D:6)
  Jessica (D:3)
  14 orc wizards
  A hound skeleton (D:4)
  A mummy (Ossuary)
  2 howler monkey zombies
  25 gnolls
  A howler monkey skeleton (D:7)
  24 adders
  2 shadow imps
  3 white imps
  3 ufetubi
  An adder skeleton (D:4)
  7 worms
  2 dart slugs (D:1)
  51 orcs
  10 ball pythons
  7 bats
  8 endoplasms
  2 giant cockroaches
  18 goblins
  9 hobgoblins
  4 jackals (D:1)
  56 kobolds
  6 quokkas
  6 frilled lizards
  7 gnoll skeletons (Ossuary)
  9 kobold skeletons
  A kobold zombie (D:8)
  13 orc skeletons (Ossuary)
  10 rats
  8 briar patches (Swamp:1)
  3 bushes (D:2)
1083 creatures vanquished.

Vanquished Creatures (collateral kills)
  the Lernaean hydra (Swamp:4)
  5 hydras (Swamp:4)
  3 swamp dragons (Swamp:4)
  2 orc knights (Orc:2)
  A kobold demonologist (D:8)
  A warg (Orc:2)
  A swamp worm (Swamp:4)
  2 orc warriors (Orc:2)
  4 kobold brigands (D:8)
  2 orc priests (Orc:2)
  An orc wizard (Orc:2)
  2 shadow imps (D:8)
  6 kobolds (D:8)
  7 kobold skeletons (D:8)
  6 kobold zombies (D:8)
44 creatures vanquished.

Vanquished Creatures (others)
  A swamp dragon (Swamp:4)
  6 swamp worms (Swamp:1)
  6 briar patches (Swamp:1)
  A bush (D:8)
  A demonic plant (Gauntlet)
  7 foxfires (Swamp:3)
  40 fungi
  89 plants
151 creatures vanquished.

Grand Total: 1278 creatures vanquished

Notes
Turn   | Place    | Note
-------+----------+-------------------------------------------
     0 | D:1      | AvatarAndi78 the Minotaur Berserker began the quest for the
                  | Orb.
     0 | D:1      | Reached XP level 1. HP: 19/19 MP: 0/0
   337 | D:1      | Reached XP level 2. HP: 19/27 MP: 1/1
   669 | D:1      | Reached XP level 3. HP: 26/33 MP: 2/2
   759 | D:1      | Reached ** piety under Trog
  1004 | D:1      | Found Ruh Omp's Book Boutique.
  1065 | D:1      | Found a faded altar of an unknown god.
  1386 | D:2      | Found an opulent altar of Gozag.
  1442 | D:2      | Reached XP level 4. HP: 41/41 MP: 3/3
  1666 | D:2      | Reached skill level 5 in Axes
  2485 | D:3      | Reached XP level 5. HP: 47/47 MP: 4/4
  2527 | D:3      | Found a bloodstained altar of Trog.
  2642 | D:3      | Noticed Jessica
  2648 | D:3      | Found a shimmering blue altar of Sif Muna.
  2656 | D:3      | Killed Jessica
  2657 | D:3      | Reached skill level 5 in Fighting
  2901 | D:3      | Found a hazy altar of Hepliaklqana.
  3215 | D:4      | Reached skill level 1 in Maces & Flails
  3303 | D:4      | Found a staircase to the Ecumenical Temple.
  3338 | D:4      | Reached XP level 6. HP: 47/56 MP: 5/5
  3680 | D:4      | Found a burning altar of Makhleb.
  3766 | D:4      | Found a sparkling altar of Nemelex Xobeh.
  3979 | D:4      | Reached skill level 1 in Shields
  4351 | D:4      | Reached XP level 7. HP: 53/61 MP: 6/6
  4420 | D:4      | Found an iron altar of Okawaru.
  4594 | D:4      | Reached *** piety under Trog
  4669 | D:4      | Found Plog's Weapon Emporium.
  4859 | D:5      | Entered Level 5 of the Dungeon
  4871 | D:5      | Gained mutation: You are partially covered in iridescent
                  | scales. (AC +2) [potion of mutation]
  4871 | D:5      | Gained mutation: You are agile. (Dex +2) [potion of
                  | mutation]
  4871 | D:5      | Gained mutation: You possess an exceptional clarity of
                  | mind. [potion of mutation]
  4871 | D:5      | Gained mutation: You have a pair of large horns on your
                  | head. [potion of mutation]
  4872 | D:5      | Reached skill level 2 in Long Blades
  4872 | D:5      | Reached skill level 5 in Polearms
  4872 | D:5      | Reached skill level 1 in Evocations
  4872 | D:5      | Reached XP level 8. HP: 70/70 MP: 6/8
  5098 | D:5      | Found a stormy altar of Qazlal.
  5098 | D:5      | Noticed Edmund
  5109 | D:5      | Killed Edmund
  5305 | D:5      | Found a transporter.
  5352 | D:5      | Identified the +6 spear of Qadoruz {venom, rPois}
  5359 | D:5      | Found a transporter.
  5392 | D:5      | Noticed Nixze's ghost (novice DEAE)
  5929 | D:6      | Reached XP level 9. HP: 78/78 MP: 9/9
  6063 | D:6      | Noticed Grinder
  6074 | D:6      | Killed Grinder
  6343 | D:7      | Found a sand-covered staircase.
  6412 | Ossuary  | Entered an ossuary
  6471 | Ossuary  | Reached **** piety under Trog
  6492 | Ossuary  | Identified 2 scrolls of acquirement
  6493 | Ossuary  | Lost mutation: You possess an exceptional clarity of mind.
                  | [potion of mutation]
  6493 | Ossuary  | Lost mutation: You are partially covered in iridescent
                  | scales. (AC +2) [potion of mutation]
  6493 | Ossuary  | Gained mutation: You are partially covered in iridescent
                  | scales. (AC +2) [potion of mutation]
  6493 | Ossuary  | Gained mutation: You expend magic power (3 MP) to
                  | strengthen your wands. [potion of mutation]
  6493 | Ossuary  | Gained mutation: You are frail. (-10% HP) [potion of
                  | mutation]
  6496 | Ossuary  | Acquired the +11 triple sword "Gaum" {freeze, Dex+4}
  6588 | Ossuary  | Acquired the +8 orange crystal plate armour {Archmagi,
                  | Int+3 Clar}
  6588 | Ossuary  | Found the +8 orange crystal plate armour {Archmagi, Int+3
                  | Clar}
  6659 | D:7      | Found Zin's Purification Station.
  6660 | D:7      | Found a glowing silver altar of Zin.
  6698 | D:7      | Reached skill level 3 in Long Blades
  6701 | D:7      | Found a shadowy altar of Dithmenos.
  7841 | D:7      | Identified the +1 pair of gloves of a sewer {rPois Str-5
                  | Dex+3}
  7978 | D:7      | Reached skill level 4 in Long Blades
  8170 | D:8      | Reached skill level 5 in Long Blades
  8176 | D:8      | Reached XP level 10. HP: 77/77 MP: 10/10
  8179 | D:8      | Reached skill level 6 in Long Blades
  8192 | D:8      | Reached ***** piety under Trog
  8206 | D:8      | Reached skill level 7 in Long Blades
  8231 | D:8      | Found a staircase to the Lair.
  8530 | D:8      | Cast into level 1 of the Abyss (kobold)
  8546 | D:8      | Escaped the Abyss
  8559 | D:8      | Reached skill level 8 in Long Blades
  8560 | D:8      | Received a gift from Trog
  8561 | D:8      | Found an ancient bone altar of Kikubaaqudgha.
  8774 | D:5      | Killed Nixze's ghost
  9218 | D:9      | Reached skill level 9 in Long Blades
  9230 | D:9      | Lost mutation: You are agile. (Dex +2) [potion of mutation]
  9230 | D:9      | Lost mutation: You expend magic power (3 MP) to strengthen
                  | your wands. [potion of mutation]
  9230 | D:9      | Lost mutation: You are partially covered in iridescent
                  | scales. (AC +2) [potion of mutation]
  9230 | D:9      | Gained mutation: You are weak. (Str -2) [potion of
                  | mutation]
  9230 | D:9      | Lost mutation: You are frail. (-10% HP) [potion of
                  | mutation]
  9230 | D:9      | Gained mutation: Your magical capacity is low. (-10% MP)
                  | [potion of mutation]
  9230 | D:9      | Gained mutation: You have sharp toenails. [potion of
                  | mutation]
  9256 | D:9      | Found Kemimey's Book Boutique.
  9265 | D:9      | Found a staircase to the Orcish Mines.
  9501 | D:9      | Reached XP level 11. HP: 90/94 MP: 10/10
  9730 | D:10     | Entered Level 10 of the Dungeon
  9736 | D:10     | Received a gift from Trog
  9829 | D:10     | Reached skill level 10 in Long Blades
  9846 | D:10     | Found a basalt altar of Yredelemnul.
  9846 | D:10     | Found a hide-covered altar of Uskayaw.
 10409 | D:11     | Noticed a boulder beetle
 10430 | D:11     | Killed a boulder beetle
 10431 | D:11     | Reached skill level 11 in Long Blades
 10523 | D:11     | Paralysed by a hornet for 3 turns
 10605 | D:11     | Noticed a boulder beetle
 10606 | D:11     | Noticed a two-headed ogre
 10608 | D:11     | Killed a two-headed ogre
 10609 | D:11     | Reached skill level 12 in Long Blades
 10613 | D:11     | Killed a boulder beetle
 10758 | D:11     | Noticed a four-headed hydra
 10764 | D:11     | Killed a six-headed hydra
 10765 | D:11     | Reached XP level 12. HP: 105/105 MP: 11/11
 10770 | D:11     | Reached skill level 13 in Long Blades
 10877 | D:11     | Noticed a centaur warrior
 10879 | D:11     | Noticed an ettin
 10882 | D:11     | Killed a centaur warrior
 10883 | D:11     | Noticed an entropy weaver
 10883 | D:11     | an ettin changed into an entropy weaver
 10885 | D:11     | Killed an entropy weaver
 10886 | D:11     | Reached skill level 10 in Fighting
 11108 | D:11     | Reached skill level 10 in Armour
 11178 | D:11     | Reached skill level 14 in Long Blades
 11187 | D:11     | Noticed Nergalle
 11193 | D:11     | Killed Nergalle
 11340 | D:11     | Noticed a two-headed ogre
 11347 | D:11     | Killed a two-headed ogre
 11374 | D:11     | Found Keanwa's Assorted Antiques.
 11393 | D:11     | Bought a silver ring for 105 gold pieces
 11393 | D:11     | Bought a pair of embroidered gloves for 157 gold pieces
 11862 | D:12     | Noticed a five-headed hydra
 11867 | D:12     | Killed a seven-headed hydra
 11940 | D:12     | Found a radiant altar of Vehumet.
 11991 | D:12     | Noticed a four-headed hydra
 11995 | D:12     | Killed a six-headed hydra
 12492 | Lair:1   | Entered Level 1 of the Lair of Beasts
 12562 | Lair:1   | Reached skill level 15 in Long Blades
 12693 | Lair:1   | Noticed Fannar
 12713 | Lair:1   | Killed Fannar
 12776 | Lair:1   | Reached XP level 13. HP: 116/116 MP: 12/12
 13328 | Lair:2   | Found a staircase to the Snake Pit.
 13373 | Lair:2   | Reached skill level 16 in Long Blades
 14479 | Lair:3   | Reached skill level 17 in Long Blades
 14485 | Lair:3   | Received a gift from Trog
 15026 | Lair:3   | Noticed Urug
 15031 | Lair:3   | Killed Urug
 15261 | Lair:3   | Reached skill level 18 in Long Blades
 15264 | Lair:3   | Found a staircase to the Swamp.
 15269 | Lair:3   | Reached XP level 14. HP: 67/127 MP: 13/13
 15428 | Lair:4   | Found a gate leading to a gauntlet.
 15438 | Gauntlet | Entered a Gauntlet
 15438 | Gauntlet | Found a transporter.
 15438 | Gauntlet | Found a runed translucent door.
 15439 | Gauntlet | Found a runed translucent door.
 15443 | Gauntlet | Found a transporter.
 15445 | Gauntlet | Found a transporter.
 15455 | Gauntlet | Found a runed translucent gate.
 15456 | Gauntlet | Found a runed translucent gate.
 15456 | Gauntlet | Found a transporter.
 15459 | Gauntlet | Found a transporter.
 15462 | Gauntlet | Found a runed translucent gate.
 15468 | Gauntlet | Found a transporter.
 15484 | Gauntlet | Found a transporter.
 15495 | Gauntlet | Found a transporter.
 15506 | Gauntlet | Found a transporter.
 15517 | Gauntlet | Found a transporter.
 15531 | Gauntlet | Found a transporter.
 15537 | Gauntlet | Noticed a cacodemon
 15540 | Gauntlet | Found a transporter.
 15541 | Gauntlet | Found a transporter.
 15588 | Gauntlet | Found a transporter.
 15644 | Gauntlet | Identified the ring "Naan" {Ice rN+ Stlth+}
 15699 | Gauntlet | Identified the +1 cloak of Foolhardiness {Will+ Str+3}
 15701 | Gauntlet | Noticed a fire giant
 15704 | Gauntlet | Noticed a fenstrider witch
 15704 | Gauntlet | a fire giant changed into a fenstrider witch
 15711 | Gauntlet | Noticed a quicksilver dragon
 15711 | Gauntlet | a fenstrider witch changed into a quicksilver dragon
 15714 | Gauntlet | Noticed a fenstrider witch
 15714 | Gauntlet | a quicksilver dragon changed into a fenstrider witch
 15715 | Gauntlet | Noticed a stone giant
 15715 | Gauntlet | a fenstrider witch changed into a stone giant
 15719 | Gauntlet | a stone giant changed into an alligator snapping turtle
 15731 | Gauntlet | Noticed a fire giant
 15731 | Gauntlet | a dire elephant changed into a fire giant
 15732 | Gauntlet | Noticed a quicksilver dragon
 15732 | Gauntlet | a fire giant changed into a quicksilver dragon
 15733 | Gauntlet | a quicksilver dragon changed into an eleionoma
 15736 | Gauntlet | Noticed a fire giant
 15736 | Gauntlet | an eleionoma changed into a fire giant
 15737 | Gauntlet | Noticed a stone giant
 15737 | Gauntlet | a fire giant changed into a stone giant
 15740 | Gauntlet | Noticed a quicksilver dragon
 15740 | Gauntlet | a stone giant changed into a quicksilver dragon
 15743 | Gauntlet | Noticed a stone giant
 15743 | Gauntlet | a quicksilver dragon changed into a stone giant
 15746 | Gauntlet | Killed a stone giant
 15993 | Lair:4   | Received a gift from Trog
 16191 | Lair:4   | Acquired a manual of Fighting
 16320 | Lair:4   | Identified the +0 pair of gloves of Okawaru {Contam Harm
                  | Regen+}
 16814 | Lair:5   | Identified the +2 plate armour of Usae {Str+5}
 17043 | Lair:5   | Found a runed translucent door.
 17043 | Lair:5   | Found a viscous altar of Jiyva.
 17047 | Lair:5   | Found a staircase to the Slime Pits.
 17053 | Lair:5   | Reached skill level 19 in Long Blades
 17402 | Lair:6   | Entered Level 6 of the Lair of Beasts
 17640 | Lair:6   | Received a gift from Trog
 17663 | Lair:6   | Reached skill level 20 in Long Blades
 17920 | Lair:6   | Reached skill level 15 in Fighting
 17952 | Lair:6   | Reached XP level 15. HP: 141/141 MP: 13/13
 18432 | Lair:6   | Paralysed by a hornet for 2 turns
 18436 | Lair:6   | Reached ****** piety under Trog
 18905 | Orc:1    | Entered Level 1 of the Orcish Mines
 19027 | Orc:1    | Found Lapiun's Jewellery Shop.
 19037 | Orc:1    | Bought the amulet "Acuwkan" {Spirit rPois Will+ Dex+3
                  | Stlth+} for 838 gold pieces
 19245 | Orc:1    | Received a gift from Trog
 19335 | Orc:1    | Found a runed translucent door.
 19335 | Orc:1    | Found a shimmering altar of Xom.
 19335 | Orc:1    | Noticed Nihiololl's ghost (journeyman GrGl)
 19345 | Orc:1    | Killed Nihiololl's ghost
 19346 | Orc:1    | Reached skill level 21 in Long Blades
 19505 | Orc:2    | Entered Level 2 of the Orcish Mines
 19518 | Orc:2    | Noticed an orc warlord
 19535 | Orc:2    | Killed an orc warlord
 19780 | Orc:2    | Found a dark tunnel.
 19820 | Volcano  | Entered a volcano
 20159 | Orc:2    | Received a gift from Trog
 20372 | Orc:2    | Found Dydit's Antique Weapon Boutique.
 20383 | Orc:2    | Found Zoitu's General Store.
 20398 | Orc:2    | Bought a glowing executioner's axe for 234 gold pieces
 20436 | Orc:2    | Found Meacrux's Jewellery Emporium.
 20578 | Orc:2    | Found Suatatong's Antique Armour Shop.
 20801 | Orc:2    | Found a bloodstained altar of Trog.
 20814 | Orc:2    | Found a staircase to the Elven Halls.
 20891 | Orc:2    | Found Nixucen's General Store.
 21619 | D:13     | Reached skill level 22 in Long Blades
 22269 | D:14     | Found a sparkling altar of Nemelex Xobeh.
 22621 | D:14     | Reached XP level 16. HP: 137/157 MP: 12/14
 22816 | D:14     | Found a gate to the Vaults.
 23400 | Orc:2    | Bought the +8 hand axe "Gepottuxou" {speed, rElec rF+ rC+
                  | SInv} for 1299 gold pieces
 23606 | Swamp:1  | Entered Level 1 of the Swamp
 23617 | Swamp:1  | Found a transporter.
 23851 | Swamp:1  | Reached skill level 5 in Shields
 23891 | Swamp:1  | Found a transporter.
 24251 | Swamp:1  | Identified Roxanne's Catalogue of Earth
 24251 | Swamp:1  | Noticed Roxanne
 24274 | Swamp:1  | Killed Roxanne
 24722 | Swamp:1  | Gained mutation: You are dopey. (Int -2) [mutagenic glow]
 24731 | Swamp:1  | Gained mutation: Armour fits poorly on your strangely
                  | shaped body. [mutagenic glow]
 24734 | Swamp:1  | Identified the +0 hat "Esuvvuwk" {rPois rC- SInv}
 24741 | Swamp:1  | Gained mutation: You are frail. (-10% HP) [mutagenic glow]
 24750 | Swamp:1  | Gained mutation: You are very frail. (-20% HP) [mutagenic
                  | glow]
 25056 | Swamp:1  | Identified the amulet "Ageyr" {Faith Str+2}
 25788 | Swamp:2  | Reached skill level 15 in Armour
 26858 | Swamp:3  | Reached skill level 10 in Axes
 27101 | Swamp:3  | Received a gift from Trog
 27677 | Swamp:4  | Entered Level 4 of the Swamp
 27678 | Swamp:4  | Found a transporter.
 27729 | Swamp:4  | Found a transporter.
 27732 | Swamp:4  | Noticed AvatarAndi78's ghost (adept MiBe)
 28862 | Swamp:4  | Paralysed by a hornet for 3 turns
 29405 | Swamp:4  | Noticed the 27-headed Lernaean hydra
 29417 | Swamp:4  | Killed the 26-headed Lernaean hydra
 29426 | Swamp:4  | Reached XP level 17. HP: 32/135 MP: 1/15
 29883 | Swamp:4  | Got a decaying rune of Zot
 30502 | Swamp:4  | Identified the +4 helmet of Teicea {rC+ Regen+ Slay+2}
 30559 | Swamp:4  | Killed AvatarAndi78's ghost
 30836 | Snake:1  | Entered Level 1 of the Snake Pit
 33756 | Snake:2  | Found a runed translucent gate.
 33757 | Snake:2  | Found a runed translucent gate.
 33804 | Snake:2  | Found a runed translucent gate.
 33807 | Snake:2  | Noticed Fofaschei's ghost (journeyman DrFE)
 34419 | Snake:2  | You fall into a shaft and drop 1 floor!
 34423 | Snake:3  | Noticed Vashnia
 34966 | Snake:2  | Killed Fofaschei's ghost
 35092 | Snake:3  | Shot with an arrow by Vashnia

Illustrated notes

Levels and vault maps discovered:
D:1:      minmay_arrival_semitransparent, layout_loops_cross, serial_shops,
          nicolae_shop_hallway_stairs,
          dreamdust_ecumenical_altar_angels_and_demons, serial_bayou_pond_b
D:2:      layout_loops_ring, basic_altar, serial_aquarium,
          aquarium_bridge_long_separate [aquarium_subvault_wall,
          aquarium_subvault_wall, aquarium_subvault_bridge,
          aquarium_subvault_wall, aquarium_subvault_bridge,
          aquarium_subvault_bridge], aquarium_bridge_square
          [aquarium_subvault_window, aquarium_subvault_bridge,
          aquarium_subvault_window, aquarium_subvault_balcony],
          aquarium_window_1, aquarium_window_corridor_3, aquarium_window_corner,
          aquarium_view_2e, lexackson_kobold_supper
D:3:      layout_loops_ring, tgw_sif, old_standard_altar,
          mainiacjoe_overflow_24_doors, kennysheep_doodads
D:4:      layout_loops_corners, mainiacjoe_overflow_paths,
          nemelex_diamond_rough_becter, kennysheep_mini,
          minmay_temple_entry_water_ring, minmay_misc_feat_rows,
          hangedman_abyss_or_decor_stagger, chequers_big_river,
          kennysheep_diamond, st_stairs_12, minmay_ogre_servants
D:5:      layout_basic, mainiacjoe_overflow_small_starburst,
          gammafunk_ghost_gnarly_gnolls, corexii_corridor_pit, st_stairs_13,
          nicolae_wormholes, uniq_edmund
D:6:      layout_basic, uniq_grinder
D:7:      layout_gridville, zin_purify, grunt_dithmenos_smoke_and_mirrors,
          enter_ossuary_1
D:8:      wander_kiku_kobolds, layout_cave_pools, minmay_lair_entry_grove
D:9:      layout_irregular_city, david_orc_3, serial_shops, shop
D:10:     layout_roguey, gammafunk_temple_overflow_pools
D:11:     nzn_winding_woodlands_stair_trap
          [nzn_winding_woodlands_5x15_sidewinder,
          nzn_winding_woodlands_5x15_zeroes, nzn_winding_woodlands_5x15_eye,
          nzn_winding_woodlands_15x15_boxy_spiral,
          nzn_winding_woodlands_5x15_river_crossing,
          nzn_winding_woodlands_5x15_pool, nzn_winding_woodlands_5x15_twine],
          layout_basic, serial_shops, shop, corexii_leaking_fountain,
          kennysheep_cross_room, uniq_nergalle
D:12:     layout_irregular_city, nicolae_vehumet_radiance
D:13:     layout_loops_ring, enter_bailey_7
D:14:     layout_small_grid, hangedman_vaults_entry_quadrant_bands,
          old_standard_altar
Lair:1:   layout_concentric_octagons, infiniplex_staircase_pool_2,
          lemuel_fruit_tree, uniq_fannar
Lair:2:   lemuel_reptile_caves, layout_gridlike, guppyfry_snake_entry_island
Lair:3:   layout_chaotic_city, nicolae_swamp_entry_splash_gauntlet, uniq_urug
Lair:4:   layout_regular_city, gauntlet_entry_generic
Lair:5:   layout_loops_ring, slime_altar_2, grunt_megastairs_4
Lair:6:   hangedman_lair_tendril_chambers, layout_hall_layers,
          hangedman_lair_caniforms_friends, eino_small_chamber_without_monster,
          chequers_serial_rivers_micro_c, minivault_23
Swamp:1:  gammafunk_worm_tunnel, layout_basic_swamp,
          nicolae_swamp_dense_foliage, uniq_roxanne
Swamp:2:  layout_basic_swamp, nicolae_swamp_orc_logging_accident,
          hangedman_swamp_wriggling
Swamp:3:  layout_basic_swamp, evilmike_swamp_ruin_house_5
Swamp:4:  swamp_old_school, layout_basic_swamp,
          gammafunk_ghost_berserking_beasts, swamp_pool1,
          nicolae_swamp_treefoil, infiniplex_staircase_pool
Snake:1:  layout_gridlike, grunt_megastairs_1
Snake:2:  layout_concentric_octagons, ebering_ghost_rock_garden
Snake:3:  layout_layer_cave, fake_guardian_serpent_vault, uniq_vashnia
Orc:1:    layout_caves, serial_shops, nicolae_shop_advertising_works
          [nicolae_subvault_shop_adworks], ebering_ghost_xom
Orc:2:    grunt_orc_gardens, layout_diamond_mine, grunt_orc_garden,
          grunt_orc_garden, grunt_orc_garden, grunt_orc_garden, basic_altar,
          serial_shops, shop, nicolae_volcano_entry_vermiform, mines1_david

Skill      XL: |  1  2  3  4  5  6  7  8  9 10 11 12 13 14 15 16 17 |
---------------+----------------------------------------------------+-----
Axes           | 4 5 7 11 13 | 13.9
Fighting       | 4 5 6 7 8 9 11 12 15 17 19 20 | 20.5
Dodging        | 3 4 |  4.6
Armour         | 3 4 6 7 8 9 10 12 13 14 16 17 | 17.5
Maces & Flails | 1 2 4 |  4.5
Shields        | 1 3 4 7 8 |  8.6
Short Blades   | 2 |  2.3
Long Blades    | 2 5 9 12 15 18 20 22 | 22.5
Polearms       | 5 6 7 |  7.0
Staves         | 3 |  3.1
Slings         | 3 |  3.7
Bows           | 2 |  2.3
Crossbows      | 2 |  2.3
Throwing       | 2 |  2.1
Stealth        | 2 3 |  3.5
Unarmed Combat | 2 |  2.3
Invocations    | 2 |  2.1
Evocations     | 1 2 |  2.3

Action                   |  1- 3 |  4- 6 |  7- 9 | 10-12 | 13-15 | 16-18 || total
-------------------------+-------+-------+-------+-------+-------+-------++-------
Melee: Hand axe          |    68 |   221 |       |       |       |  1143 ||  1432
       Headbutt          |    11 |   117 |    91 |    91 |   187 |   446 ||   943
       Flail             |       |    41 |       |       |       |       ||    41
       Spear             |       |    45 |   223 |       |       |       ||   268
       Triple sword      |       |       |    65 |   365 |   790 |    29 ||  1249
       Kick              |       |       |       |    92 |   317 |   712 ||  1121
Invok: Trog's Hand       |       |     3 |     4 |    13 |    18 |    26 ||    64
       Berserk           |       |     3 |     3 |     7 |     5 |    15 ||    33
       Brothers in Arms  |       |       |       |     1 |     1 |     5 ||     7
Evoke: Wand              |       |       |       |     2 |       |     8 ||    10
       Lightning rod     |       |       |       |       |       |     3 ||     3
  Use: Scroll            |       |       |    20 |     6 |    11 |    12 ||    49
       Potion            |       |       |     8 |     5 |       |     9 ||    22
 Stab: Confused          |       |       |       |       |     1 |       ||     1
       Petrified         |       |       |       |       |     2 |       ||     2
       Invisible         |       |       |       |       |       |    30 ||    30
Armor: Animal skin       |     7 |       |       |       |       |       ||     7
       Scale mail        |       |     9 |       |       |       |       ||     9
       Leather armour    |       |     1 |       |       |       |       ||     1
       Chain mail        |       |    55 |   123 |       |       |       ||   178
       Crystal plate arm |       |       |    88 |   617 |   924 |   705 ||  2334
Dodge: Dodged            |    50 |    50 |    90 |   105 |   339 |   215 ||   849
Block: Kite shield       |       |    27 |    95 |       |       |   697 ||   819

Table legend: (Time is in decaauts)
 A = Elapsed time spent in this place.
 B = Non-inter-level travel time spent in this place.
 C = Inter-level travel time spent in this place.
 D = Time resting spent in this place.
 E = Time spent auto-exploring this place.
 F = Levels seen in this place.
 G = Mean time per level.
                   A        B        C        D        E       F      G
               +--------+--------+--------+--------+--------+-----+--------+
         Total |  35396 |  32328 |   3068 |      0 |  25917 |  33 | 1072.6 |
       Dungeon |  14710 |  12920 |   1790 |      0 |  10217 |  14 | 1050.7 |
          Lair |   6426 |   5875 |    551 |      0 |   4645 |   6 | 1071.0 |
         Swamp |   7293 |   7024 |    269 |      0 |   5985 |   4 | 1823.2 |
     Snake Pit |   3769 |   3673 |     96 |      0 |   2974 |   3 | 1256.3 |
  Orcish Mines |   2297 |   1937 |    360 |      0 |   1637 |   2 | 1148.5 |
         Abyss |     20 |     20 |      0 |      0 |      0 |   1 |   20.0 |
       Ossuary |    201 |    201 |      0 |      0 |     76 |   1 |  201.0 |
       Volcano |    189 |    189 |      0 |      0 |    118 |   1 |  189.0 |
      Gauntlet |    487 |    487 |      0 |      0 |    263 |   1 |  487.0 |
               +--------+--------+--------+--------+--------+-----+--------+

Top non-repeatable levels by time:
 Swamp:4: 3055 daAuts
 Snake:1: 2203 daAuts
 Swamp:1: 1826 daAuts
     D:4: 1719 daAuts
     D:7: 1620 daAuts
  Lair:2: 1590 daAuts
    D:11: 1539 daAuts
   Orc:2: 1507 daAuts
 Swamp:2: 1492 daAuts
 Snake:2: 1465 daAuts
  Lair:6: 1316 daAuts
     D:2: 1288 daAuts
     D:1: 1140 daAuts
     D:5: 1065 daAuts
  Lair:3: 1025 daAuts
